 Dungeon Crawl Stone Soup version 0.25-a0-185-g6cfeca75b2 (webtiles) character file.

Game seed: 3398634019079202792, levelgen mode: deterministic

21957 MisterFreud the Nimble (level 12, -10/58 HPs)
             Began as a Felid Fighter on Nov 26, 2019.
             Was a Follower of Uskayaw.
             Shot with an arrow by a centaur warrior (30 damage)
             ... on level 13 of the Dungeon on Nov 27, 2019.
             The game lasted 00:52:26 (26823 turns).

MisterFreud the Nimble (Felid Fighter)             Turns: 26823, Time: 00:52:27

Health: -10/58     AC:  8    Str: 12    XL:     12   Next: 58%
Magic:  25/25      EV: 28    Int: 14    God:    Uskayaw [*.....]
Gold:   1282       SH:  0    Dex: 16    Spells: 20/27 levels left
                                        Lives:  0   Deaths: 3

rFire    . . .     SeeInvis +     - Unarmed
rCold    + . .     Gourm    .   (shield unavailable)
rNeg     . . .     Faith    .   (armour unavailable)
rPois    .         Spirit   .   (helmet unavailable)
rElec    .         Reflect  .   (cloak unavailable)
rCorr    .         Harm     .   (gloves unavailable)
MR       ++...                  (boots unavailable)
Stlth    ++++......             x - amulet of magic regeneration
HPRegen  0.19/turn              h - +5 ring of protection
MPRegen  0.44/turn              i - ring of protection from magic

@: quick
A: very small, no armour, no weapons or thrown items, stealth, claws 1, fangs 3,
see invisible, carnivore, speed 1, shaggy fur 3, slow metabolism 1, sharp paws
a: Stomp, Renounce Religion


You were on level 13 of the Dungeon.
You worshipped Uskayaw.
Uskayaw was aware of your devotion.
You were very full.

You visited 3 branches of the dungeon, and saw 20 of its levels.
You also visited: Gauntlet.

You collected 1282 gold pieces.

Inventory:

Missiles
 c - 458 stones
 d - 276 arrows
Jewellery
 h - a +5 ring of protection (left paw)
 i - a ring of protection from magic (right paw)
 m - a +3 ring of strength
 p - an uncursed ring of stealth
 r - an uncursed ring of magical power
 s - an uncursed ring of fire
 x - an amulet of magic regeneration (around neck)
 D - an uncursed ring of protection from fire
 E - a +2 ring of strength
 G - a +5 ring of strength
Wands
 t - a wand of flame (20)
 A - a wand of random effects (26)
 J - a wand of acid (2)
Scrolls
 e - 4 scrolls of fear
 k - 3 scrolls of teleportation
 l - 10 scrolls of remove curse
 y - 6 scrolls of blinking
 z - 3 scrolls of fog
 H - a scroll of identify
 K - a scroll of magic mapping
Potions
 a - a potion of resistance
 f - a potion of ambrosia
 g - a potion of cancellation
 j - 8 potions of curing
 n - 4 potions of might
 o - 3 potions of berserk rage
 u - 4 potions of invisibility
 v - 2 potions of flight
 w - 3 potions of haste
 B - 2 potions of magic
 C - a potion of lignification
 F - 2 potions of agility
 I - a potion of brilliance
Miscellaneous
 q - a phial of floods
Comestibles
 b - 45 rations


   Skills:
 - Level 10.0 Fighting
 - Level 12.0 Dodging
 - Level 6.0 Stealth
 - Level 10.0 Unarmed Combat
 - Level 8.0 Spellcasting
 - Level 8.1 Hexes
 + Level 7.6 Summonings
 - Level 10.0 Invocations
 - Level 6.1 Evocations


You had 20 spell levels left.
You knew the following spells:

 Your Spells              Type           Power        Failure   Level  Hunger
a - Confuse               Hex            ####....     1%          3    ##.....
b - Summon Lightning Spi  Summ/Air       ###.....     26%         4    ####...

Your spell library contained the following spells:

 Spells                   Type           Power        Failure   Level  Hunger
 Confusing Touch          Hex            ####..       1%          1    None
 Summon Small Mammal      Summ           ####         1%          1    None
 Call Imp                 Summ           ####....     1%          2    None
 Call Canine Familiar     Summ           ####....     1%          3    ##.....
 Summon Guardian Golem    Hex/Summ       ####....     1%          3    ##.....
 Beastly Appendage        Tmut           #.....       13%         1    None
 Sandblast                Erth           #.....       13%         1    None
 Passwall                 Tmut/Erth      #.......     19%         2    None
 Sticks to Snakes         Tmut           #.......     19%         2    None
 Summon Ice Beast         Ice/Summ       ###.....     26%         4    ####...
 Gell's Gravitas          Tloc           #.........   36%         3    ##.....
 Spider Form              Tmut/Pois      #.........   36%         3    ##.....
 Stone Arrow              Conj/Erth      #.....       36%         3    ##.....
 Metabolic Englaciation   Hex/Ice        ###.......   56%         5    #####..
 Yara's Violent Unravell  Hex/Tmut       ###.......   56%         5    #####..
 Ice Form                 Ice/Tmut       #.......     77%         4    ####...
 Petrify                  Tmut/Erth      #.......     77%         4    ####...
 Blade Hands              Tmut           #.........   98%         5    #####..
 Bolt of Magma            Conj/Fire/Erth #.........   98%         5    #####..
 Iskenderun's Battlesphe  Conj/Chrm      #.......     98%         5    #####..
 Lee's Rapid Deconstruct  Erth           #.........   98%         5    #####..
 Venom Bolt               Conj/Pois      #.........   98%         5    #####..
 Iron Shot                Conj/Erth      #.........   100%        6    #######
 Orb of Destruction       Conj           #.........   100%        7    #######
 Spellforged Servitor     Conj/Summ      ###.......   100%        7    #######


Dungeon Overview and Level Annotations

Branches:
Dungeon (13/15)            Temple (1/1) D:6            Lair (6/6) D:9
 Shoals (0/4) Lair:4        Snake (0/4) Lair:2          Orc (0/2) D:12
Gauntlet (visited)
  Slime: Lair:5-6    Vaults: D:13-14

Altars:
Ashenzari
Cheibriados
Dithmenos
Elyvilon
Fedhas
Gozag
Hepliaklqana
Kikubaaqudgha
Makhleb
Nemelex Xobeh
Okawaru
Qazlal
Ru
Sif Muna
Trog
Uskayaw
Vehumet
Wu Jian
Xom
Yredelemnul
Zin
The Shining One
Jiyva

Shops:
D:10 :   D:11 [

Annotations:
D:8 1 runed translucent door, Leeroy's ghost, novice DrCj
D:11 3 runed translucent doors, Leeroy's ghost, journeyman DrCj
Lair:1 3 runed translucent doors, Ratty's ghost, novice MiFi
Lair:3 1 runed translucent door
Lair:6 exclusion: 3 oklob plants


Innate Abilities, Weirdness & Mutations

You cannot wear armour.
You are incapable of wielding weapons or throwing items.
Your paws allow you to move quietly. (Stealth)
You have sharp claws.
You have razor-sharp teeth.
You have supernaturally acute eyesight. (SInv)
You are carnivorous and can eat meat at any time.
You cover ground quickly.
Your thick and shaggy fur keeps you warm. (AC +3, rC+)
You have a slow metabolism.
Your sharp claws are effective at attacking unaware monsters.


Message History

The centaur warrior unwields a +0 longbow.
The centaur warrior completely misses you.
The centaur wields a +0 shortbow.
The centaur shoots an arrow.
The arrow closely misses you.
You claw the centaur!
You kill the centaur!
The centaur wields a +0 shortbow.
The centaur shoots an arrow.
The arrow closely misses you. The centaur warrior misses you.
The centaur shoots an arrow.
The arrow hits you!
The centaur shoots an arrow.
The arrow hits you!
The centaur warrior completely misses you.
The centaur shoots an arrow.
The arrow completely misses you.
You see here an arrow.
The centaur warrior wields a +0 longbow.
The centaur warrior shoots an arrow.
The arrow completely misses you.
The centaur shoots an arrow.
The arrow completely misses you.
You see here 2 arrows.
The centaur warrior shoots an arrow.
The arrow hits you!!
Ouch! That really hurt!
You die...

##.## ##...##
#.....#
##...## ##.##
#.## #..# #.#
##.#######...#
#.##((@....#
#.##(#####.#
#(.c()..#
####.##c# #c#
# #.. .# #
#### . . #z .
#. #


You could see a centaur warrior.

Vanquished Creatures
  4 hydras
  2 two-headed ogres
  Urug (Lair:1)
  2 thrashing horrors (Gauntlet)
  Sonja (Lair:4)
  A skeletal warrior (D:13)
  3 unseen horrors
  A lindwurm (Lair:4)
  An ugly thing (D:12)
  7 elephants
  3 merfolk sirens (Lair:4)
  A gargoyle (D:10)
  Psyche (D:11)
  5 spiny frogs
  A rime drake (Lair:5)
  5 komodo dragons
  A merfolk (Lair:4)
  3 trolls
  3 polar bears (Lair:1)
  3 hornets (Gauntlet)
  2 dream sheep (D:9)
  6 hippogriffs
  7 blink frogs
  2 small abominations (Gauntlet)
  A shadow (D:11)
  3 wyverns
  21 yaks
  3 basilisks
  A hungry ghost (D:11)
  2 steam dragons
  A soldier ant (D:12)
  3 nagas (Lair:2)
  An acid dragon (D:11)
  10 water moccasins
  5 porcupines
  7 orc warriors
  A hornet zombie (D:9)
  2 black bears
  A swamp drake (D:12)
  A necrophage (D:5)
  3 sky beasts
  3 phantoms
  An ice beast (D:7)
  7 ogres
  8 wolves
  8 centaurs
  4 big kobolds
  6 crocodiles
  13 bullfrogs
  A wyvern zombie (D:9)
  A wyvern skeleton (D:9)
  A water moccasin zombie (D:10)
  4 scorpions
  3 howler monkeys
  5 wights (D:10)
  An electric eel (D:9)
  3 vampire bats (D:5)
  5 centaur zombies
  4 crimson imps
  2 quasits
  A bullfrog zombie (D:10)
  6 hounds
  A jelly (D:7)
  16 orc priests
  A bullfrog skeleton (D:12)
  20 orc wizards
  2 centaur skeletons
  A gnoll shaman (D:9)
  5 iguanas
  7 worker ants
  13 gnolls
  11 adders
  A howler monkey skeleton (D:4)
  2 oozes
  An adder skeleton (D:5)
  2 adder zombies
  3 worms
  7 dart slugs
  5 leopard geckos
  63 orcs
  A bat skeleton (D:5)
  5 bat zombies (D:5)
  3 giant cockroaches
  8 goblins
  8 hobgoblins
  12 jackals
  12 kobolds
  5 quokkas
  3 ball pythons
  4 bats
  3 frilled lizards
  A quokka skeleton (D:8)
  A quokka zombie (D:6)
  7 rats
  A plant (Gauntlet)
454 creatures vanquished.

Vanquished Creatures (collateral kills)
  2 small abominations (Gauntlet)
2 creatures vanquished.

Vanquished Creatures (others)
  A gnoll (D:7)
  An orc (D:12)
  14 fungi
  4 plants
20 creatures vanquished.

Grand Total: 476 creatures vanquished

Notes
Turn   | Place    | Note
-------+----------+-------------------------------------------
     0 | D:1      | MisterFreud the Felid Fighter began the quest for the Orb.
     0 | D:1      | Reached XP level 1. HP: 10/10 MP: 2/2
   179 | D:1      | Reached XP level 2. HP: 13/14 MP: 3/3
   671 | D:1      | Reached XP level 3. HP: 13/18 MP: 4/4
  1768 | D:2      | Reached skill level 5 in Fighting
  1768 | D:2      | Reached XP level 4. HP: 23/23 MP: 5/5
  1870 | D:2      | Found a faded altar of an unknown god.
  2003 | D:3      | Reached skill level 1 in Stealth
  2064 | D:3      | Slain by a gnoll
  2065 | D:3      | Reached XP level 3. HP: -5/19 MP: 4/4
  2372 | D:3      | Reached XP level 4. HP: 22/23 MP: 5/5
  2504 | D:3      | Found an iron altar of Okawaru.
  2918 | D:3      | Found a blossoming altar of Fedhas.
  3157 | D:4      | Reached skill level 5 in Dodging
  3161 | D:4      | Reached XP level 5. HP: 26/26 MP: 6/6
  3344 | D:4      | HP: 1/26 [hound (3)]
  3362 | D:4      | Reached skill level 6 in Dodging
  3619 | D:4      | Reached skill level 5 in Stealth
  3619 | D:4      | Gained mutation: You are covered in thick fur. (AC +2)
                  | [Felid growth]
  3619 | D:4      | Reached XP level 6. HP: 29/30 MP: 7/7
  3841 | D:4      | Reached skill level 7 in Dodging
  3872 | D:4      | Reached XP level 7. HP: 26/33 MP: 8/8
  4310 | D:4      | Reached skill level 8 in Dodging
  4525 | D:5      | Entered Level 5 of the Dungeon
  4748 | D:5      | Found a glowing golden altar of the Shining One.
  4750 | D:5      | Noticed an angel
  4770 | D:5      | Found an ancient bone altar of Kikubaaqudgha.
  4791 | D:5      | Reached skill level 9 in Dodging
  4819 | D:5      | Found a basalt altar of Yredelemnul.
  4821 | D:5      | Noticed a profane servitor
  5120 | D:5      | Reached skill level 10 in Dodging
  5154 | D:5      | Reached XP level 8. HP: 35/37 MP: 9/9
  5174 | D:5      | Reached skill level 5 in Unarmed Combat
  5669 | D:6      | Found a staircase to the Ecumenical Temple.
  5800 | Temple   | Entered the Ecumenical Temple
  5932 | D:6      | Found a hazy altar of Hepliaklqana.
  5951 | D:6      | Found a hide-covered altar of Uskayaw.
  5980 | D:6      | Became a worshipper of Uskayaw the Reveler
  6047 | D:6      | Reached * piety under Uskayaw
  6097 | D:6      | Reached ** piety under Uskayaw
  6188 | D:6      | Reached *** piety under Uskayaw
  6198 | D:6      | Reached **** piety under Uskayaw
  6207 | D:6      | Reached ***** piety under Uskayaw
  6573 | D:7      | Found a radiant altar of Vehumet.
  6596 | D:7      | Reached XP level 9. HP: 42/42 MP: 10/10
  6699 | D:7      | Found a shattered altar of Ashenzari.
  7301 | D:8      | You fall into a shaft and drop 1 floor!
  7479 | D:8      | Found a glowing silver altar of Zin.
  7522 | D:8      | Reached skill level 1 in Spellcasting
  7755 | D:8      | Found a runed translucent door.
  7756 | D:8      | Noticed Leeroy's ghost (novice DrCj)
  7986 | D:8      | Found a stormy altar of Qazlal.
  8064 | D:9      | Noticed a troll
  8483 | D:9      | Learned a level 3 spell: Confuse
  8867 | D:9      | Reached skill level 1 in Hexes
  9139 | D:9      | Reached skill level 5 in Hexes
  9255 | D:9      | Found a staircase to the Lair.
  9279 | D:9      | Reached XP level 10. HP: 33/48 MP: 14/17
  9676 | D:9      | Found a sparkling altar of Nemelex Xobeh.
 10050 | D:9      | Reached skill level 1 in Invocations
 10264 | D:9      | Noticed a two-headed hydra
 10271 | D:9      | Killed a two-headed hydra
 10271 | D:9      | Reached skill level 5 in Invocations
 10532 | D:10     | Entered Level 10 of the Dungeon
 10535 | D:10     | Noticed a gargoyle
 10545 | D:10     | Killed a gargoyle
 10616 | D:10     | Found Femuh's Book Shoppe.
 10744 | D:9      | Found a shimmering altar of Xom.
 10744 | D:9      | Noticed a two-headed ogre
 10752 | D:9      | Killed a two-headed ogre
 11058 | D:10     | Noticed an unseen horror
 11071 | D:10     | Killed an unseen horror
 11071 | D:10     | Reached XP level 11. HP: 46/51 MP: 18/18
 11225 | D:10     | Noticed a two-headed ogre
 11228 | D:10     | Killed a two-headed ogre
 11522 | D:11     | Noticed Psyche
 11532 | D:11     | Killed Psyche
 12306 | D:11     | Noticed a five-headed hydra
 12378 | Lair:1   | Entered Level 1 of the Lair of Beasts
 12468 | Lair:1   | Found a gate leading to a gauntlet.
 12597 | Gauntlet | Entered a Gauntlet
 12597 | Gauntlet | Found a transporter.
 12702 | Gauntlet | Found a transporter.
 12704 | Gauntlet | Found a transporter.
 12722 | Gauntlet | Found a transporter.
 12827 | Gauntlet | Noticed a death scarab
 12827 | Gauntlet | Noticed a thrashing horror
 12828 | Gauntlet | Found a transporter.
 12829 | Gauntlet | Found a transporter.
 12829 | Gauntlet | Found a transporter.
 12829 | Gauntlet | Noticed a thrashing horror
 12842 | Gauntlet | Reached skill level 10 in Invocations
 12890 | Gauntlet | Noticed a death scarab
 12891 | Gauntlet | Found a runed translucent door.
 12903 | Gauntlet | Found a transporter.
 12907 | Gauntlet | Found a transporter.
 12934 | Gauntlet | Killed a thrashing horror
 12934 | Gauntlet | Reached skill level 5 in Spellcasting
 12948 | Gauntlet | Killed a thrashing horror
 13295 | Gauntlet | Noticed a minotaur
 13300 | Gauntlet | Slain by a minotaur
 13301 | Gauntlet | Reached XP level 10. HP: -5/48 MP: 20/20
 13306 | Gauntlet | Found a transporter.
 13309 | Gauntlet | Found the ring of Robustness {AC+8}
 13311 | Gauntlet | Found a transporter.
 13327 | Gauntlet | Found a transporter.
 13430 | Lair:1   | Noticed Urug
 13457 | Lair:1   | Killed Urug
 13664 | Lair:1   | Noticed a spiny frog
 13702 | D:9      | Killed a spiny frog
 14234 | Lair:1   | Found a runed translucent gate.
 14234 | Lair:1   | Found a runed translucent gate.
 14234 | Lair:1   | Found a runed translucent gate.
 14237 | Lair:1   | Noticed a death ooze
 14245 | Lair:1   | Found a viscous altar of Jiyva.
 14245 | Lair:1   | Noticed Ratty's ghost (novice MiFi)
 14262 | Lair:1   | Reached XP level 11. HP: 52/52 MP: 21/21
 14625 | Lair:1   | Noticed a six-headed hydra
 14663 | Lair:1   | Killed a six-headed hydra
 14833 | Lair:2   | Reached skill level 11 in Dodging
 15274 | Lair:2   | Found a staircase to the Snake Pit.
 17675 | Lair:3   | Found a runed translucent door.
 18289 | Lair:2   | Reached skill level 12 in Dodging
 18763 | Lair:3   | Reached skill level 10 in Unarmed Combat
 18883 | Lair:3   | Reached skill level 10 in Fighting
 19115 | Lair:3   | Noticed a seven-headed hydra
 19177 | Lair:4   | Noticed Sonja
 19332 | Lair:4   | Reached skill level 1 in Evocations
 19444 | Lair:4   | Gained mutation: Your thick and shaggy fur keeps you warm.
                  | (AC +3, rC+) [Felid growth]
 19444 | Lair:4   | Reached XP level 12. HP: 44/58 MP: 22/22
 19598 | Lair:4   | Killed Sonja
 19786 | Lair:3   | Reached skill level 5 in Evocations
 20148 | Lair:4   | Learned a level 4 spell: Summon Lightning Spire
 20192 | Lair:4   | Reached skill level 1 in Summonings
 20310 | Lair:4   | Found a staircase to the Shoals.
 20866 | Lair:3   | Slain by a porcupine
 20867 | Lair:3   | Reached XP level 11. HP: -2/54 MP: 21/21
 20867 | Lair:3   | Upgraded the game from 0.25-a0-178-gc9f82b1288 to
                  | 0.25-a0-185-g6cfeca75b2
 21627 | Lair:4   | Killed a lindwurm
 22531 | Lair:5   | Noticed a seven-headed hydra
 22538 | Lair:5   | Killed a seven-headed hydra
 22774 | Lair:6   | Entered Level 6 of the Lair of Beasts
 22775 | Lair:6   | Noticed an oklob plant
 22775 | Lair:6   | Noticed an oklob plant
 22775 | Lair:6   | Noticed an oklob plant
 22837 | Lair:6   | Noticed a six-headed hydra
 23189 | Lair:6   | Noticed a dire elephant
 23375 | D:11     | Killed a five-headed hydra
 24047 | D:11     | Found Zaiqiqups's Specialty Armours.
 24066 | D:11     | Reached XP level 12. HP: 26/58 MP: 24/24
 24591 | D:11     | Reached skill level 5 in Summonings
 25002 | D:11     | Found a runed translucent gate.
 25002 | D:11     | Found a runed translucent gate.
 25002 | D:11     | Found a runed translucent gate.
 25002 | D:11     | Noticed Leeroy's ghost (journeyman DrCj)
 26583 | D:12     | Found a staircase to the Orcish Mines.
 26810 | D:13     | Noticed a centaur warrior
 26823 | D:13     | Shot with an arrow by a centaur warrior

Levels and vault maps discovered:
D:1:      evilmike_arrival_rings, layout_loops_ring
D:2:      layout_loops_ring, chequers_ecumenical_altar_grove
D:3:      layout_loops_ring, okawaru_trees_2, fedhas_altar_4
D:4:      layout_loops_ring, first_ration
D:5:      layout_basic, grunt_temple_overflow_holy_war,
          kennysheep_vampire_church, minmay_misc_feat_secret_circle
D:6:      layout_basic, lemuel_crystal_altar, lemuel_crystal_altar,
          minmay_temple_entry_purple_smoke, serial_bayou_lagoon_a,
          chequers_serial_rivers_small_b
D:7:      layout_gridville, fiery_altar_vehumet, ashenzari_altar_1
D:8:      layout_loops_cross, kennysheep_mini_moat, zin_academy,
          ebering_ghost_inner_flame
D:9:      lemuel_upstairs_altar, layout_loops_ring, erik_lair_island,
          hangedman_ranch [blue_anna_fruit_fields], minmay_holes,
          nemelex_spade_bored_becter
D:10:     layout_loops_corners, serial_shops, nicolae_shop_statue_plus
D:11:     layout_basic, ebering_ghost_rock_garden, nicolae_barding_shop,
          uniq_psyche
D:12:     layout_loops_ring, erik_orc_1, minivault_24
D:13:     layout_loops_cross, minivault_15
Temple:   nicolae_temple_god_jail
Lair:1:   layout_roguey, gauntlet_entry_generic, gammafunk_ghost_ooze,
          cheibrodos_lair_lostbears, grunt_megastairs_2, uniq_urug
Lair:2:   layout_small_grid, guppyfry_snake_entry_garden
Lair:3:   layout_hall_layers, pf_torpor_hydra, infiniplex_staircase_pool_2
Lair:4:   layout_regular_city, elwin_shoals_entry_stream, grunt_megastairs_3,
          uniq_sonja
Lair:5:   layout_cave_pods
Lair:6:   evil_forest, layout_loops_ring, minmay_slime_entry_oklob_open,
          lemuel_fruit_fields

Skill      XL: |  1  2  3  4  5  6  7  8  9 10 11 12 |
---------------+-------------------------------------+-----
Fighting       | 4 5 6 8 10 | 10.0
Stealth        | 2 3 5 6 |  6.0
Dodging        | 5 6 7 10 12 | 12.0
Unarmed Combat | 6 8 10 | 10.0
Spellcasting   | 4 7 8 |  8.0
Hexes          | 5 8 |  8.1
Invocations    | 8 10 | 10.0
Evocations     | 2 6 |  6.1
Summonings     | 4 7 |  7.6

Action                   |  1- 3 |  4- 6 |  7- 9 | 10-12 || total
-------------------------+-------+-------+-------+-------++-------
Melee: Unarmed           |   120 |   170 |   473 |  1227 ||  1990
       Bite              |    10 |    20 |    51 |   144 ||   225
       Punch             |     3 |     1 |    14 |    56 ||    74
 Cast: Confuse           |       |       |     3 |    41 ||    44
Evoke: Wand              |       |       |     3 |    16 ||    19
       Phial of floods   |       |       |       |     2 ||     2
  Use: Scroll            |     3 |     1 |    14 |     9 ||    27
       Potion            |       |     4 |       |     8 ||    12
 Stab: Sleeping          |     7 |     7 |    13 |    30 ||    57
       Paralysed         |       |       |     8 |    45 ||    53
       Confused          |       |       |     2 |    13 ||    15
       Distracted        |       |       |     1 |     7 ||     8
  Eat: Chunk             |    10 |     8 |    11 |    44 ||    73
Armor: Skin              |     4 |    19 |    49 |    72 ||   144
Dodge: Dodged            |    91 |   175 |   415 |  1225 ||  1906

Table legend:
 A = Non-vault XP
 B = Vault XP
 C = Vault XP percentage of total XP
 D = Non-vault monster count
 E = Vault monster count
 F = Vault count percentage of total count
                 A         B        C        D         E       F
            +---------+---------+-------+---------+---------+-------
      Total |   39838 |   12578 |  24.0 |     388 |      68 |  14.9
            +---------+---------+-------+---------+---------+-------
        D:1 |      45 |       0 |   0.0 |      25 |       0 |   0.0
        D:2 |      74 |       0 |   0.0 |      23 |       0 |   0.0
        D:3 |      91 |       0 |   0.0 |      20 |       0 |   0.0
        D:4 |     733 |       0 |   0.0 |      25 |       0 |   0.0
        D:5 |     712 |     176 |  19.8 |      22 |       9 |  29.0
        D:6 |    1032 |       0 |   0.0 |      26 |       0 |   0.0
        D:7 |     436 |       0 |   0.0 |       9 |       0 |   0.0
        D:8 |     894 |       0 |   0.0 |      24 |       0 |   0.0
        D:9 |    2859 |    3090 |  51.9 |      42 |      16 |  27.6
       D:10 |    3309 |       0 |   0.0 |      25 |       0 |   0.0
       D:11 |    6057 |     534 |   8.1 |      44 |       2 |   4.3
       D:12 |    3771 |     565 |  13.0 |      25 |      17 |  40.5
       D:13 |     884 |       0 |   0.0 |       2 |       0 |   0.0
     Lair:1 |    3228 |    2225 |  40.8 |      11 |       7 |  38.9
     Lair:2 |    3767 |     486 |  11.4 |      20 |       3 |  13.0
     Lair:3 |    3840 |       0 |   0.0 |      17 |       0 |   0.0
     Lair:4 |    5336 |    2486 |  31.8 |      17 |       5 |  22.7
     Lair:5 |    2617 |       0 |   0.0 |      10 |       0 |   0.0
     Lair:6 |     153 |       0 |   0.0 |       1 |       0 |   0.0
   Gauntlet |       0 |    3016 | 100.0 |       0 |       9 | 100.0
            +---------+---------+-------+---------+---------+-------
